 Dungeon Crawl Stone Soup version 0.32-a0-427-g448f42529f (webtiles) character file.

Game seed: 3285339151327022363

23585 Essalna the Geomancer (level 13, -4/84 HPs)
             Began as a Gargoyle Earth Elementalist on Feb 22, 2024.
             Was a High Priest of Vehumet.
             Slain by an 11-headed hydra (12 damage)
             ... on level 1 of the Lair of Beasts.
             The game lasted 00:29:33 (13995 turns).

Essalna the Geomancer (GrEE)                       Turns: 13995, Time: 00:29:34

Health: -4/84      AC: 22    Str: 14    XL:     13   Next: 7%
Magic:  8/19       EV: 12    Int: 19    God:    Vehumet [*****.]
Gold:   878        SH:  0    Dex: 10    Spells: 12/20 levels left

rFire   + + .        r - staff of fire
rCold   . . .        (no shield)
rNeg    + . .        H - +2 leather armour {Will+}
rPois   ∞            (no helmet)
rElec   +            c - +1 cloak {rPois}
rCorr   .            D - +0 pair of gloves
SInv    .            (no boots)
Will    +....        (no amulet)
Stlth   ++           O - ring of protection from fire
HPRegen 0.34/turn    n - +4 ring of protection
MPRegen 0.16/turn

%: no passive effects
@: no status effects
A: sickness immunity, AC +9, negative energy resistance 1, electricity
resistance, torment resistance 1, petrification resistance
a: Renounce Religion


You were on level 1 of the Lair of Beasts.
You worshipped Vehumet.
Vehumet was extremely pleased with you.
You visited 3 branches of the dungeon, and saw 14 of its levels.
You also visited: Sewer and Ossuary.

You collected 878 gold pieces.

Inventory:

Hand Weapons
 K - the +6 shillelagh "Devastator" {shatter}
   (You found it on level 8 of the Dungeon)
Missiles
 E - 2 throwing nets
Armour
 a - a +1 robe
 c - a +1 cloak of poison resistance (worn)
 B - a +4 scale mail of fire resistance
 D - a +0 pair of gloves (worn)
 F - a +0 cloak
 H - a +2 leather armour of willpower (worn)
Magical Staves
 r - a staff of fire (weapon)
 y - a staff of cold
Jewellery
 m - a ring of see invisible
 n - a +4 ring of protection (right hand)
 C - a +6 ring of strength
 M - a +6 ring of dexterity
 O - a ring of protection from fire (left hand)
 P - a ring of resist corrosion
Wands
 s - a wand of polymorph (9)
 x - a wand of mindburst (22)
 I - a wand of iceblast (6)
 L - a wand of flame (29)
 Q - a wand of charming (2)
Scrolls
 d - 4 scrolls of enchant armour
 g - 3 scrolls of vulnerability
 l - 3 scrolls of teleportation
 q - 7 scrolls of identify
 u - 2 scrolls of enchant weapon
 v - 4 scrolls of torment
 w - 3 scrolls of poison
 J - a scroll of silence {unknown}
 N - 2 scrolls of fear
 R - a scroll of fog {unknown}
Potions
 b - 2 potions of magic
 e - 6 potions of lignification {unknown}
 f - 2 potions of haste {unknown}
 h - 2 potions of curing
 i - 3 potions of heal wounds {unknown}
 j - 4 potions of attraction
 k - 6 potions of cancellation {unknown}
 o - 3 potions of enlightenment {unknown}
 p - a potion of invisibility {unknown}
 t - 2 potions of resistance {unknown}
 z - a potion of ambrosia {unknown}
 A - a potion of berserk rage {unknown}
 G - a potion of mutation {unknown}


   Skills:
 + Level 10.9 Fighting
 - Level 6.0 Armour
 - Level 5.0 Dodging
 - Level 2.1 Stealth
 - Level 4.0 Spellcasting
 + Level 11.9 Conjurations
 - Level 8.0 Fire Magic
 + Level 13.2 Earth Magic


You had 12 spell levels left.
You knew the following spells:

 Your Spells              Type           Power      Damage    Failure   Level
a - Sandblast             Erth           100%       2d20      1%          1
b - Stone Arrow           Conj/Erth      100%       3d13      1%          3
c - Flame Wave            Conj/Fire      58%        2d14      1%          4

Your spell library contained the following spells:

 Spells                   Type           Power      Damage    Failure   Level
 Starburst                Conj/Fire      29%        6d9       12%         6
 Scorch                   Fire           100%       2d9       1%          2
 Passwall                 Erth           53%        N/A       1%          3
 Brom's Barrelling Bould  Conj/Erth      51%        2d7       1%          4
 Leda's Liquefaction      Alch/Erth      14%        N/A       11%         4
 Petrify                  Alch/Erth      29%        N/A       11%         4
 Frozen Ramparts          Ice            6%         1d1       13%         3
 Jinxbite                 Hex            6%         N/A       26%         2
 Gell's Gravitas          Tloc           3%         N/A       45%         3
 Teleport Other           Tloc           3%         N/A       45%         3
 Yara's Violent Unravell  Hex/Alch       1%         3d3       71%         5
 Dispel Undead            Necr           3%         3d7       86%         4
 Martyr's Knell           Necr/Summ      3%         N/A       86%         4
 Metabolic Englaciation   Hex/Ice        1%         N/A       99%         5
 Death Channel            Necr           1%         N/A       100%        6
 Dispersal                Tloc           1%         N/A       100%        6
 Sculpt Simulacrum        Ice/Alch       1%         N/A       100%        6
 Summon Cactus Giant      Summ           1%         N/A       100%        6
 Enfeeble                 Hex            1%         N/A       100%        7
 Ozocubu's Refrigeration  Ice            1%         4d7       100%        7
 Polar Vortex             Ice            1%         N/A       100%        9
 Cigotuvi's Dreadful Rot  Necr/Alch/Air  Unusable   N/A       N/A         2

Dungeon Overview and Level Annotations

Branches:
Dungeon (11/15)            Temple (1/1) D:4            Lair (2/5) D:11
  Sewer (visited)         Ossuary (visited)
  Swamp: Lair:2-3    Shoals: Lair:2-3     Snake: Lair:2-3    Spider: Lair:2-3
    Orc: D:9-12

Altars:
Ashenzari
Cheibriados
Dithmenos
Elyvilon
Fedhas
Gozag
Hepliaklqana
Kikubaaqudgha
Makhleb
Nemelex Xobeh
Okawaru
Qazlal
Ru
Sif Muna
Trog
Uskayaw
Vehumet
Wu Jian
Xom
Yredelemnul
Zin
The Shining One
Beogh

Shops:
D:3 (

Annotations:
Lair:1 Uvurr's ghost, journeyman AtWr


Innate Abilities, Weirdness & Mutations

You are immune to sickness and miasma.
Your stone body is resilient. (AC +9)
You are immune to poison.
You resist negative energy. (rN+)
You are resistant to electric shocks. (rElec)
You are resistant to unholy torment.
You are immune to petrification.


Message History

The 11-headed hydra closely misses you. The 11-headed hydra bites you!
The 11-headed hydra bites you but does no damage. x2
The 11-headed hydra bites you. The 11-headed hydra misses you.
The 11-headed hydra bites you but does no damage. x2
The 11-headed hydra bites you.
The 11-headed hydra bites you but does no damage.
The 11-headed hydra closely misses you.
A wave of flame ripples out!
The flame wave engulfs the 11-headed hydra!
The 11-headed hydra is heavily wounded.
The flame wave engulfs Uvurr's ghost!
Uvurr's ghost is lightly damaged.
You finish channelling waves of flame.
The 11-headed hydra bites you but does no damage.
The 11-headed hydra misses you. The 11-headed hydra bites you. x2
The 11-headed hydra bites you!
The 11-headed hydra bites you but does no damage.
The 11-headed hydra bites you.
The 11-headed hydra bites you but does no damage. x4
Uvurr's ghost casts a spell.
Uvurr's ghost blinks!
Casting: Flame Wave (mildly dangerous; 1% risk of failure)
Confirm with . or Enter, or press ? or * to list all spells.
Casting: Flame Wave (mildly dangerous; 1% risk of failure)
Press: ? - help, Dir - look around, f - activate You feel a surge of power!
A wave of flame ripples out!
The flame wave engulfs the 11-headed hydra!
The 11-headed hydra is severely wounded. (Press . to intensify the flame waves.)
The 11-headed hydra bites you!
* * * LOW HITPOINT WARNING * * *
The 11-headed hydra bites you!
* * * LOW HITPOINT WARNING * * *
The 11-headed hydra barely misses you.
The 11-headed hydra bites you but does no damage.
The 11-headed hydra barely misses you. The 11-headed hydra closely misses you.
The 11-headed hydra bites you.
* * * LOW HITPOINT WARNING * * *
The 11-headed hydra bites you!
You die...

#.....#....#.........# #...##
......###.#..........## #...#
#.....................######...##
#................................
#......###.#...#####...........##
#.......####..## #P............#
P..###.####..### ##............#
#.## #.###.#.§.####...#####P...##
#.## #..##.....D@###.## ##...##
#..# #....##'''##....# #.....
#.####...##.....##...#######.....
#.# #....#♣.....♣#.>.............
#)# ##...#♣..)...#.÷..#####......
#.# #...#?W.....#...## ##......
#.####...##...[♣##...# #.....##
#......##.##~.♣##....# ##....#.
#.......### ####.....# ##......


You could see a 11-headed hydra and Uvurr's ghost.

Vanquished Creatures
  A hydra (Lair:2)
  2 boulder beetles (D:11)
  A two-headed ogre (D:11)
  A skyshark (Lair:2)
  An ugly thing (D:8)
  A cyclops (D:11)
  Maurice (D:8)
  A manticore (Lair:2)
  5 elephants
  Joseph (D:7)
  2 black mambas (Lair:1)
  4 cane toads
  A gargoyle (D:11)
  An unseen horror (D:10)
  A komodo dragon (Lair:1)
  Psyche (D:10)
  A troll (D:8)
  2 hornets
  Prince Ribbit (D:9)
  A polar bear (Lair:2)
  3 blink frogs (Lair:2)
  4 shadows
  Eustachio (D:5)
  2 wraiths
  18 yaks
  4 wyverns
  2 humans (D:10)
  3 basilisks (Lair:2)
  A steam dragon (Lair:2)
  Grum (D:9)
  Edmund (D:6)
  5 water moccasins
  Duvessa (D:4)
  2 acid dragons (D:11)
  A sky beast (D:7)
  3 orc warriors
  A black bear (D:11)
  2 ogres
  12 wolves
  3 centaurs
  6 bullfrogs
  A kobold brigand (D:8)
  2 brain worms (Sewer)
  2 elf zombies (Ossuary)
  A gnoll sergeant (D:9)
  4 scorpions
  13 wights
  Dowan (D:4)
  28 killer bees
  A howler monkey (D:7)
  2 centaur zombies (Ossuary)
  2 bombardier beetles
  3 jellies
  9 orc priests
  A human zombie (Ossuary)
  Crazy Yiuf (D:6)
  3 gnoll boudas
  4 hounds
  2 iguanas
  10 orc wizards
  A sleepcap (D:6)
  6 hound zombies (Ossuary)
  2 mummies (Ossuary)
  14 adders
  17 gnolls
  2 river rats
  A shadow imp (D:6)
  2 ufetubi (D:5)
  5 adder zombies (Ossuary)
  2 dart slugs
  3 ribbon worms
  24 orcs
  11 ball pythons
  5 bats
  3 endoplasms
  6 giant cockroaches
  9 gnoll zombies (Ossuary)
  6 hobgoblins
  16 kobolds
  5 quokkas
  8 frilled lizards
  10 goblins
  3 jackal zombies (Ossuary)
  3 kobold zombies (Ossuary)
  6 orc zombies (Ossuary)
  9 rats
375 creatures vanquished.

Notes
Turn   | Place    | Note
-------+----------+-------------------------------------------
     0 | D:1      | Essalna the Gargoyle Earth Elementalist began the quest for
                  | the Orb.
     0 | D:1      | Reached XP level 1. HP: 10/10 MP: 3/3
    68 | D:1      | Reached XP level 2. HP: 15/15 MP: 0/5
   279 | D:1      | Reached skill level 4 in Earth Magic
   353 | D:1      | Reached XP level 3. HP: 19/19 MP: 1/6
   492 | D:1      | Found a faded altar of an unknown god.
   999 | D:2      | Reached XP level 4. HP: 24/24 MP: 6/8
  1968 | D:3      | Found Qeygot's Weapon Shoppe.
  1979 | D:3      | Reached XP level 5. HP: 28/28 MP: 5/9
  2031 | D:3      | Reached skill level 5 in Earth Magic
  2274 | D:3      | Found a glowing drain.
  2279 | Sewer    | Entered a sewer
  2444 | Sewer    | Reached XP level 6. HP: 32/32 MP: 7/11
  2638 | Sewer    | Reached skill level 6 in Earth Magic
  3224 | D:4      | Learned a level 3 spell: Stone Arrow
  3288 | D:4      | Reached XP level 7. HP: 31/36 MP: 9/13
  3394 | D:4      | Learned a level 4 spell: Flame Wave
  3577 | D:4      | Found a staircase to the Ecumenical Temple.
  3579 | D:4      | Noticed Dowan
  3580 | D:4      | Noticed Duvessa
  3588 | D:4      | HP: 1/36 [Dowan/+0 dagger (3)]
  3590 | D:4      | Killed Duvessa
  3599 | Temple   | Entered the Ecumenical Temple
  3688 | D:4      | Killed Dowan
  3689 | D:4      | Reached skill level 1 in Fighting
  3689 | D:4      | Reached skill level 1 in Armour
  3689 | D:4      | Reached skill level 5 in Conjurations
  3693 | D:4      | Found a hazy altar of Hepliaklqana.
  3715 | Temple   | Became a worshipper of Vehumet
  3854 | D:5      | Entered Level 5 of the Dungeon
  3858 | D:4      | HP: 1/38 [orc priest/divine providence (13)]
  3860 | D:4      | Reached skill level 1 in Fire Magic
  4221 | D:5      | Reached XP level 8. HP: 43/44 MP: 8/14
  4423 | D:5      | Noticed Eustachio
  4424 | D:5      | Noticed Edmund
  4662 | D:5      | Reached skill level 7 in Earth Magic
  4678 | D:6      | Killed Edmund
  5234 | D:5      | Reached * piety under Vehumet
  5234 | D:5      | Offered knowledge of Magic Dart by Vehumet.
  5764 | D:6      | Reached XP level 9. HP: 44/51 MP: 5/15
  6121 | D:6      | Found a runed translucent door.
  6122 | D:6      | Noticed Crazy Yiuf
  6157 | D:6      | Killed Crazy Yiuf
  6323 | D:7      | Found a sand-covered staircase.
  6328 | Ossuary  | Entered an ossuary
  6493 | Ossuary  | Reached ** piety under Vehumet
  6495 | Ossuary  | Offered knowledge of Foxfire by Vehumet.
  6805 | Ossuary  | Offered knowledge of Mercury Vapours by Vehumet.
  6818 | Ossuary  | Reached skill level 8 in Earth Magic
  6882 | D:7      | Noticed Joseph
  6934 | D:7      | Killed Joseph
  7136 | D:5      | Killed Eustachio
  7385 | D:7      | Reached skill level 5 in Fighting
  7503 | D:7      | Reached skill level 5 in Armour
  7519 | D:7      | Reached *** piety under Vehumet
  7527 | D:7      | Reached XP level 10. HP: 59/59 MP: 13/16
  7921 | D:8      | Found the +6 shillelagh "Devastator" {shatter}
  8147 | D:8      | Offered knowledge of Ignite Poison by Vehumet.
  8233 | D:8      | Noticed a green ugly thing
  8244 | D:8      | Killed a green ugly thing
  8245 | D:8      | Reached skill level 5 in Fire Magic
  8245 | D:8      | Reached skill level 9 in Earth Magic
  8474 | D:8      | Noticed Maurice
  8485 | D:8      | Maurice stole a staff of fire
  8487 | D:8      | Killed Maurice
  8820 | D:8      | Found a roughly hewn altar of Beogh.
  9073 | D:9      | Reached skill level 5 in Dodging
  9144 | D:9      | Noticed Grum
  9153 | D:10     | Entered Level 10 of the Dungeon
  9595 | D:10     | Found an iron altar of Okawaru.
  9660 | D:10     | Reached XP level 11. HP: 66/66 MP: 15/17
  9837 | D:9      | Found a burning altar of Makhleb.
  9910 | D:9      | Reached skill level 10 in Earth Magic
  9935 | D:9      | Reached **** piety under Vehumet
 10131 | D:9      | Noticed Prince Ribbit
 10135 | D:9      | Killed Prince Ribbit
 10284 | D:9      | Killed Grum
 10491 | D:10     | Offered knowledge of Irradiate by Vehumet.
 10590 | D:10     | Found a basalt altar of Yredelemnul.
 10845 | D:10     | Found an opulent altar of Gozag.
 10845 | D:10     | Found a shimmering altar of Xom.
 10852 | D:10     | Found a shimmering blue altar of Sif Muna.
 10854 | D:10     | Found a stormy altar of Qazlal.
 10856 | D:10     | Found a bloodstained altar of Trog.
 10987 | D:11     | Noticed Psyche
 10991 | D:10     | Killed Psyche
 11189 | D:11     | Noticed a boulder beetle
 11387 | D:11     | Reached skill level 11 in Earth Magic
 11596 | D:11     | Killed a boulder beetle
 11621 | D:11     | Noticed a cyclops
 11632 | D:11     | Killed a cyclops
 11920 | D:11     | Noticed a boulder beetle
 11929 | D:11     | Killed a boulder beetle
 11930 | D:11     | Reached skill level 10 in Conjurations
 11930 | D:11     | Reached XP level 12. HP: 66/75 MP: 3/18
 12372 | D:11     | Found a staircase to the Lair.
 12394 | D:11     | Noticed a two-headed ogre
 12400 | D:11     | Killed a two-headed ogre
 12641 | Lair:1   | Entered Level 1 of the Lair of Beasts
 12794 | Lair:1   | Found a runed translucent gate.
 12794 | Lair:1   | Found a runed translucent gate.
 12794 | Lair:1   | Found a runed translucent gate.
 12796 | Lair:1   | Noticed an 11-headed hydra
 12797 | Lair:1   | Noticed Uvurr's ghost (journeyman AtWr)
 13018 | Lair:1   | Reached skill level 12 in Earth Magic
 13545 | Lair:2   | Noticed a skyshark
 13552 | Lair:2   | Killed a skyshark
 13605 | Lair:2   | Noticed a seven-headed hydra
 13611 | Lair:2   | Reached skill level 10 in Fighting
 13614 | Lair:2   | Killed a seven-headed hydra
 13818 | Lair:2   | Reached ***** piety under Vehumet
 13820 | Lair:2   | Offered knowledge of Starburst by Vehumet.
 13825 | Lair:2   | Reached skill level 13 in Earth Magic
 13828 | Lair:2   | Reached XP level 13. HP: 78/83 MP: 11/19
 13995 | Lair:1   | Slain by an 11-headed hydra

Illustrated notes

Levels and vault maps discovered:
D:1:      tarquinn_simple_flora_water_b, layout_rooms, basic_ecumenical_altar
D:2:      layout_basic, minmay_increasing_density
D:3:      layout_loops_ring, portal_sewer_entry_e, serial_shops,
          nicolae_shop_statue_plus, minmay_misc_feat_secret_circle
D:4:      layout_rooms, nicolae_overflow_hidden_temple,
          minmay_temple_entry_wispy, minmay_misc_feat_enclosed, uniq_duvessa
D:5:      layout_basic, uniq_edmund, uniq_eustachio
D:6:      layout_rooms, minmay_door_square, uniq_crazy_yiuf_cottage
D:7:      layout_basic, enter_ossuary_2, uniq_joseph
D:8:      layout_cave_pools, david_defended_altar_orc, uniq_maurice
D:9:      layout_basic, bloody_makhleb, uniq_prince_ribbit1, uniq_grum
D:10:     layout_small_grid, chequers_temple_overflow_minitemple,
          lemuel_crystal_altar, okawaru_humans
D:11:     layout_long_grid, grunt_lair_entry_orc_guard_hut,
          chequers_serial_rivers_micro_d, uniq_psyche
Temple:   nicolae_temple_figure_eight
Lair:1:   layout_chaotic_city, gammafunk_ghost_hydra_chop, lemuel_fruit_fields
Lair:2:   hangedman_what_comes_after_a, layout_chaotic_city,
          guppyfry_snake_entry_island, lemuel_fruit_tree

Skill      XL: |  1  2  3  4  5  6  7  8  9 10 11 12 |
---------------+-------------------------------------+-----
Earth Magic    | 4 5 6 7 8 9 11 13 | 13.2
Conjurations   | 2 3 4 5 6 7 8 10 11 | 11.9
Spellcasting   | 3 4 |  4.0
Fighting       | 1 3 5 6 8 10 | 10.9
Armour         | 1 3 5 6 |  6.0
Fire Magic     | 1 3 4 5 7 8 |  8.0
Dodging        | 2 3 4 5 |  5.0
Stealth        | |  2.1

Action                     |  1- 3 |  4- 6 |  7- 9 | 10-12 | 13-15 || total
---------------------------+-------+-------+-------+-------+-------++-------
  Melee: Unarmed           |     1 |       |       |       |       ||     1
         Staff             |       |       |     8 |    13 |       ||    21
         Shillelagh        |       |       |       |    23 |       ||    23
   Cast: Sandblast         |    37 |   105 |   263 |   235 |     9 ||   649
         Stone Arrow       |       |       |    18 |    42 |       ||    60
         Flame Wave        |       |       |       |    22 |     3 ||    25
  Evoke: Wand              |       |       |       |     1 |       ||     1
    Use: Scroll            |       |     8 |     5 |     1 |       ||    14
         Potion            |       |       |     3 |       |       ||     3
 Armour: Robe              |     7 |    26 |    48 |       |       ||    81
         Scale mail        |       |       |   127 |       |       ||   127
         Leather armour    |       |       |    12 |   301 |    54 ||   367
  Dodge: Dodged            |    10 |    34 |   110 |   188 |    15 ||   357

Table legend: (Time is in decaauts)
 A = Elapsed time spent in this place.
 B = Non-inter-level travel time spent in this place.
 C = Inter-level travel time spent in this place.
 D = Time resting spent in this place.
 E = Time spent auto-exploring this place.
 F = Levels seen in this place.
 G = Mean time per level.
                   A        B        C        D        E       F      G
               +--------+--------+--------+--------+--------+-----+--------+
         Total |  14392 |  13375 |   1017 |    728 |  10281 |  16 |  899.5 |
       Dungeon |  11726 |  10734 |    992 |    346 |   8532 |  11 | 1066.0 |
        Temple |    107 |     89 |     18 |     84 |      0 |   1 |  107.0 |
          Lair |   1384 |   1377 |      7 |    298 |    877 |   2 |  692.0 |
         Sewer |    586 |    586 |      0 |      0 |    446 |   1 |  586.0 |
       Ossuary |    588 |    588 |      0 |      0 |    425 |   1 |  588.0 |
               +--------+--------+--------+--------+--------+-----+--------+

Top non-repeatable levels by time:
    D:11: 1480 daAuts
     D:5: 1373 daAuts
    D:10: 1284 daAuts
     D:6: 1257 daAuts
  Lair:1: 1203 daAuts
     D:8: 1166 daAuts
     D:2: 1149 daAuts
     D:9: 983 daAuts
     D:1: 854 daAuts
     D:4: 802 daAuts
     D:7: 705 daAuts
     D:3: 669 daAuts
 Ossuary: 588 daAuts
   Sewer: 586 daAuts
  Lair:2: 180 daAuts
